 Dungeon Sprint DCSS version 0.31.0-9-g3a7656b989 (webtiles) character file.

Game seed: 8516176983508387719

158 Heoruswealwe the Spear-Bearer (level 5, -2/52 HPs)
             Began as a Minotaur Fighter on Feb 1, 2024.
             Slain by an ogre
             ... wielding a +0 giant spiked club
              (9 damage)
             ... in the Dungeon (Sprint IX: "|||||||||||||||||||||||||||||").
             The game lasted 00:00:30 (42 turns).

Heoruswealwe the Spear-Bearer (Minotaur Fighter)      Turns: 42, Time: 00:00:31

Health: -2/52      AC:  7    Str: 22    XL:     5   Next: 16%
Magic:  4/4        EV:  9    Int:  5    God:
Gold:   0          SH:  4    Dex: 10    Spells: 4/4 levels left

rFire   . . .        a - +0 trident
rCold   . . .        d - +0 buckler
rNeg    . . .        c - +0 scale mail
rPois   .            (helmet restricted)
rElec   .            (no cloak)
rCorr   .            (no gloves)
SInv    .            (no boots)
Will    .....        (no amulet) Stlth
                     (no ring)
HPRegen 0.28/turn    (no ring)
MPRegen 0.09/turn

%: no teleportation
@: no status effects
A: horns 2, retaliatory headbutt
a: no special abilities


You were in the Dungeon.
You visited 1 branch

Inventory:

Hand Weapons
 a - a +0 trident (weapon)
Armour
 c - a +0 scale mail (worn)
 d - a +0 buckler (worn)
Scrolls
 j - a scroll of blinking
Potions
 b - a potion of might
 e - a potion of curing
 g - a potion of haste
 h - 2 potions of magic
 i - a potion of berserk rage


   Skills:
 + Level 7.2 Fighting
 * Level 9.2 Polearms
 + Level 7.2 Armour
 - Level 3.6 Shields


You had 4 spell levels left.
You didn't know any spells.
Your spell library was empty.

Dungeon Overview and Level Annotations

Branches:
Dungeon (1/1)

Altars:


Innate Abilities, Weirdness & Mutations

You have a pair of horns on your head.
You reflexively headbutt those who attack you in melee.


Message History

The black bear bites you but does no damage.
The black bear closely misses you.
The black bear claws you but does no damage.
The black bear closely misses you. The black bear claws you.
The black bear claws you but does no damage.
You hit the black bear.
The black bear is almost dead.
The black bear bites you.
* * * LOW HITPOINT WARNING * * *
The black bear claws you but does no damage.
The black bear claws you.
* * * LOW HITPOINT WARNING * * *
You feel much better.
The black bear bites you but does no damage.
The black bear claws you. x2; The black bear closely misses you.
The black bear barely misses you. The black bear claws you.
You puncture the black bear!
You kill the black bear!
Your Fighting skill gained 2 levels and is now at level 7!
Your Polearms skill gained 3 levels and is now at level 9!
Your Armour skill gained 2 levels and is now at level 7!
You have reached level 4!
You feel agile.
You have reached level 5!
You puncture the ogre!
You headbutt the ogre, but do no damage.
The ogre is moderately wounded.
You puncture the ogre!
The ogre is heavily wounded.
The ogre barely misses you. You furiously retaliate!
You headbutt the ogre. You hit the ogre.
The ogre is severely wounded.
The ogre hits you with a +0 giant spiked club!!
* * * LOW HITPOINT WARNING * * *
You hit the ogre. You headbutt the ogre.
The ogre is almost dead.
You barely miss the ogre.
The ogre is almost dead.
The ogre hits you with a +0 giant spiked club!
You die... ▓▓▓▓▓▓▓▓▓▓▓▓▓▓▓▓▓▓ +...lSO@..)††...<▓ ▓▓▓▓▓▓▓▓▓▓▓▓▓▓▓▓▓▓

You could see an ogre, an iguana and an adder.

Vanquished Creatures
  A black bear (D)
  A scorpion (D)
  A dart slug (D)
  A giant cockroach (D)
  A goblin (D)
  A hobgoblin (D)
  A bat (D)
7 creatures vanquished.

Notes
Turn   | Place    | Note
-------+----------+-------------------------------------------
     0 | D        | Heoruswealwe the Minotaur Fighter began the quest for the
                  | Orb.
     0 | D        | Reached XP level 1. HP: 19/19 MP: 0/0
     9 | D        | Reached skill level 3 in Polearms
    15 | D        | Reached skill level 4 in Polearms
    19 | D        | Noticed an iguana
    19 | D        | Noticed an ogre
    19 | D        | Noticed a black bear
    19 | D        | Noticed a scorpion
    26 | D        | Killed a scorpion
    27 | D        | Reached skill level 5 in Fighting
    27 | D        | Reached skill level 6 in Polearms
    27 | D        | Reached skill level 5 in Armour
    27 | D        | Reached XP level 2. HP: 30/30 MP: 1/1
    27 | D        | Reached XP level 3. HP: 37/37 MP: 2/2
    37 | D        | Killed a black bear
    38 | D        | Reached skill level 9 in Polearms
    38 | D        | Reached XP level 4. HP: 22/47 MP: 3/3
    38 | D        | Reached XP level 5. HP: 25/52 MP: 4/4
    42 | D        | Slain by an ogre

Illustrated notes

Levels and vault maps discovered:
D:        linesprint [early_d, line_temple, items_1, d_10, items_2, lair_1,
          lair_end, items_3, orc_1, orc_end, items_4, d_15, swamp_1, shoals_1,
          snake_1, spider_1, d_20, vaults_1, items_5, swamp_end, shoals_end,
          snake_end, spider_end, vaults_end, d_27, items_6, zot_1, zot_end,
          crypt_end, forest_end, elf_end, slime_end, tomb_end, abyss_end,
          pan_hell_end]

Skill      XL: |  1  2  3 |
---------------+----------+-----
Fighting       | 5 7 |  7.2
Polearms       | 6 9 |  9.2
Armour         | 5 7 |  7.2
Shields        | |  3.6

Action                     |  1- 3 |  4- 6 || total
---------------------------+-------+-------++-------
  Melee: Trident           |    26 |     5 ||    31
         Headbutt          |     6 |     2 ||     8
    Use: Potion            |     1 |       ||     1
 Armour: Scale mail        |    30 |     2 ||    32
  Dodge: Dodged            |    17 |     1 ||    18
  Block: Buckler           |     5 |       ||     5
